 Dungeon Crawl Stone Soup version 0.28.0-49-g6dfe1f597d (webtiles) character file.

Game seed: 18435197300489629306

2 firemarshallily the Chiller (level 1, 0/13 HPs)
             Began as a Merfolk Ice Elementalist on May 19, 2022.
             Slain by a giant cockroach (1 damage)
             ... on level 1 of the Dungeon.
             The game lasted 00:01:09 (120 turns).

firemarshallily the Chiller (MfIE)                   Turns: 120, Time: 00:01:10

Health: 0/13       AC:  2    Str:  8    XL:     1   Next: 40%
Magic:  0/3        EV: 12    Int: 14    God:
Gold:   9          SH:  0    Dex: 14    Spells: 3/4 levels left

rFire   . . .      SeeInvis .   b - +0 club
rCold   . . .      Faith    .   (no shield)
rNeg    . . .      Spirit   .   a - +0 robe
rPois   .          Reflect  .   (no helmet)
rElec   .          Harm     .   (no cloak)
rCorr   .          Rampage  .   (no gloves)
Will    .....                   (no boots)
Stlth   ++........              (no amulet)
HPRegen 0.04/turn               (no ring)
MPRegen 0.08/turn               (no ring)

@: no status effects
A: (nimble swimmer 2), mertail
a: no special abilities


You were on level 1 of the Dungeon.
You visited 1 branch of the dungeon, and saw 1 of its levels.

You collected 9 gold pieces.

Inventory:

Hand Weapons
 b - a +0 club (weapon)
Missiles
 c - 4 javelins (quivered)
Armour
 a - a +0 robe (worn)


   Skills:
 + Level 2.7 Dodging
 - Level 2.1 Stealth
 * Level 2.0 Spellcasting
 * Level 4.4 Ice Magic


You had 3 spell levels left.
You knew the following spells:

 Your Spells              Type           Power      Damage    Failure   Level
a - Freeze                Ice            52%        1d7       3%          1

Your spell library contained the following spells:

 Spells                   Type           Power      Damage    Failure   Level
 Frozen Ramparts          Ice            26%        1d4       12%         3
 Ozocubu's Armour         Ice            13%        N/A       12%         3
 Hailstorm                Conj/Ice       7%         3d4       67%         4


Dungeon Overview and Level Annotations

Branches:
Dungeon (1/15)

Altars:


Innate Abilities, Weirdness & Mutations

((You are very nimble when in or above water. (Stealth+, EV+, Speed+++)))
Your lower body shifts to a powerful aquatic tail in water.


Message History

Confirm with . or Enter, or press ? or * to list all spells.
Aiming: Freeze (safe; 3% risk of failure)
Press: ? - help, Shift-Dir - straight line, f - quokka
Aim: a quokka You freeze the quokka.
The quokka is moderately wounded.
The quokka barely misses you. The giant cockroach barely misses you.
The quokka barely misses you. The giant cockroach barely misses you.
The giant cockroach barely misses you.
Found 6 javelins.
Casting: Freeze (safe; 3% risk of failure)
Confirm with . or Enter, or press ? or * to list all spells.
Aiming: Freeze (safe; 3% risk of failure)
Press: ? - help, Shift-Dir - straight line, f - giant cockroach, p - quokka
Aim: a giant cockroach You freeze the giant cockroach.
The giant cockroach is severely wounded.
The giant cockroach bites you but does no damage.
Found a scroll labelled AWUATU NOWKE.
The giant cockroach bites you.
* * * LOW HITPOINT WARNING * * *
You see here 6 javelins.
c - 6 javelins The giant cockroach misses you.
The giant cockroach bites you.
* * * LOW HITPOINT WARNING * * *
Throw: 6 javelins
Press: ? - help, Q - select action, (/) - cycle Shift-Dir - straight line, f - quokka, p - giant cockroach
Aim: a quokka (lightly wounded, 46% to hit)
You throw a javelin.
The javelin pierces through the quokka but does no damage.
The quokka is lightly wounded.
The giant cockroach bites you but does no damage.
The quokka bites you but does no damage.
Throw: 5 javelins
Press: ? - help, Q - select action, (/) - cycle Shift-Dir - straight line, f/p - quokka
Aim: a quokka (46% to hit)
You throw a javelin. The javelin pierces through the quokka!
You kill the quokka!
The giant cockroach bites you.
You die...

#.....# .## ##############.###.#
...##...##..##..##.###)#
#..#..#.###..#..#.##B#########
#≈≈..###..r##§§##.##...br....#
.###...##.####.##.########.....#
....##..#.#...#..#.### .....#
.###...#.#..######.#.# ......#
##.##.#.####..B@#.#.# .......
#≈#.####.###..(.##.## B.?....
#§#.# #≈r.#.##..#### .....#.
##.#.#.###.#.#..# ###....
#.##### ####.##§≈ #..#..# #.#
.?w #<...# ..# §≈.. ###### ###
####


You could see a giant cockroach.

Vanquished Creatures
  A kobold (D:1)
  A quokka (D:1)
  A bat (D:1)
  A goblin (D:1)
4 creatures vanquished.

Notes
Turn   | Place    | Note
-------+----------+-------------------------------------------
     0 | D:1      | firemarshallily the Merfolk Ice Elementalist began the
                  | quest for the Orb.
     0 | D:1      | Reached XP level 1. HP: 13/13 MP: 3/3
   120 | D:1      | Slain by a giant cockroach

Illustrated notes

Levels and vault maps discovered:
D:1:      dpeg_arrival_brainrot, layout_rooms, serial_glass, glass_columns_a,
          glass_columns_b

Action                   || total
-------------------------++-------
Melee: Club              ||     5
Throw: Javelin           ||     2
 Cast: Freeze            ||     6
Armor: Robe              ||     9
Dodge: Dodged            ||    14
